 Dungeon Crawl Stone Soup version 0.27-a0-978-g2aa4ecdaef (webtiles) character file.

Game seed: 488299631635180582

5601 leviel the Severer (level 10, -6/94 HPs)
             Began as a Minotaur Fighter on Apr 14, 2021.
             Was a Follower of the Shining One.
             Killed by refrigeration
             ... invoked by Fannar
              (18 damage)
             ... on level 10 of the Dungeon.
             The game lasted 00:15:08 (8154 turns).

leviel the Severer (Minotaur Fighter)               Turns: 8154, Time: 00:15:08

Health: -6/94      AC: 17    Str: 22    XL:     10   Next: 45%
Magic:  0/9        EV:  9    Int:  6    God:    the Shining One [*.....]
Gold:   364        SH:  9    Dex: 11    Spells: 9/9 levels left

rFire    x . .     SeeInvis .   a - +2 war axe
rCold    . . .     Faith    .   c - +0 kite shield
rNeg     + + .     Spirit   +   x - +3 chain mail
rPois    .         Reflect  .   w - +2 hat
rElec    .         Harm     .   (no cloak)
rCorr    +         Rampage  .   (no gloves)
Will     .....                  j - +2 pair of boots
Stlth    ..........             l - amulet of Salvation {Spirit Fly rF- rN++ Regen+}
HPRegen  1.25/turn              d - +4 ring of evasion
MPRegen  0.11/turn              p - ring of resist corrosion

@: flying, glowing
A: horns 2, retaliatory headbutt
a: Renounce Religion


You were on level 10 of the Dungeon.
You worshipped the Shining One.
The Shining One was aware of your devotion.
You visited 2 branches of the dungeon, and saw 11 of its levels.

You collected 364 gold pieces.

Inventory:

Hand Weapons
 a - a +2 war axe (weapon)
Missiles
 e - 3 datura-tipped darts (quivered)
 u - 5 boomerangs of dispersal
Armour
 c - a +0 kite shield (worn)
 j - a +2 pair of boots (worn)
 w - a +2 hat (worn)
 x - a +3 chain mail (worn)
Jewellery
 b - an amulet of magic regeneration
 d - a +4 ring of evasion (left hand)
 l - the amulet of Salvation (around neck) {Spirit Fly rF- rN++ Regen+}
   (You found it on level 6 of the Dungeon)

   [amulet of guardian spirit]

   It causes incoming damage to be divided between your reserves of health and
   magic.
   It makes you vulnerable to fire.
   It greatly protects you from negative energy.
   It grants you flight.
   It increases your rate of health regeneration.
 p - a ring of resist corrosion (right hand)
Wands
 g - a wand of flame (26)
 m - a wand of iceblast (9)
Scrolls
 h - a scroll of teleportation
 i - 2 scrolls of identify
 k - a scroll of brand weapon {unknown}
 n - a scroll of blinking
Potions
 f - a potion of heal wounds
 r - 2 potions of attraction
 t - a potion of degeneration {unknown}
 v - a potion of magic {unknown}


   Skills:
 - Level 10.5 Fighting
 + Level 15.1 Axes
 - Level 3.6 Armour
 - Level 3.6 Shields


You had 9 spell levels left.
You didn't know any spells.
Your spell library contained the following spells:

 Spells                   Type           Power      Damage    Failure   Level
 Animate Skeleton         Necr           0%         N/A       100%        1
 Pain                     Necr           0%         1d4       100%        1
 Confusing Touch          Hex            0%         N/A       100%        3
 Gell's Gravitas          Tloc           0%         N/A       100%        3
 Vampiric Draining        Necr           0%         2d6       100%        3
 Animate Dead             Necr           0%         N/A       100%        4
 Petrify                  Tmut/Erth      0%         N/A       100%        4
 Agony                    Necr           0%         N/A       100%        5
 Metabolic Englaciation   Hex/Ice        0%         N/A       100%        5
 Yara's Violent Unravell  Hex/Tmut       0%         3d3       100%        5


Dungeon Overview and Level Annotations

Branches:
Dungeon (11/15)            Temple (1/1) D:6
   Lair: D:8-11         Orc: D:9-12

Altars:
Ashenzari
Cheibriados
Dithmenos
Elyvilon
Fedhas
Gozag
Hepliaklqana
Kikubaaqudgha
Makhleb
Nemelex Xobeh
Okawaru
Qazlal
Ru
Sif Muna
Trog
Uskayaw
Vehumet
Wu Jian
Xom
Zin
The Shining One

Annotations:
D:10 Fannar


Innate Abilities, Weirdness & Mutations

You have a pair of horns on your head.
You reflexively headbutt those who attack you in melee.


Message History

b - an amulet of magic regeneration Fannar shouts!
Fannar is nearby!
Fannar says, "You will make a fine ice sculpture."
Fannar hits you but does no damage.
Your shield prevents you from hitting Fannar.
You block Fannar's attack.
You hit Fannar but do no damage.
Fannar hits you with a +0 quarterstaff of freezing!
Fannar freezes you.
You slash Fannar! Your headbutt misses Fannar.
Fannar is lightly wounded.
Fannar casts a spell at you. The bolt of cold hits you!
You slash Fannar!
Fannar is moderately wounded.
Fannar gestures wildly while chanting.
Fannar drains the heat from the surrounding environment!
You closely miss Fannar. Your headbutt misses Fannar.
Fannar is moderately wounded.
Fannar casts a spell.
Fannar drains the heat from the surrounding environment!
You hit Fannar. Your headbutt misses Fannar.
Fannar is moderately wounded.
Fannar hits you but does no damage.
You hit Fannar but do no damage.
Fannar is moderately wounded.
Fannar casts a spell.
Fannar drains the heat from the surrounding environment!
* * * LOW HITPOINT WARNING * * *
As you read the scroll of teleportation, it crumbles to dust.
You feel strangely unstable.
Fannar hits you with a +0 quarterstaff of freezing!
* * * LOW HITPOINT WARNING * * *
Fannar freezes you.
* * * LOW HITPOINT WARNING * * *
Your surroundings seem slightly different.
Fannar gestures wildly while chanting.
Fannar drains the heat from the surrounding environment!
You die...

[P.P....# ..P......$8 #
..........############# #
......P............##.# #
..P.................#.# #
....P.
...P...........###....####
.....PP...............#
##....)). ..P.PPP.
.............# ###..###
...PP..P .......@.....#
#...# # .P...P.P
..P..........#####...###
....P..P
P..#............†......#
.P...... .
#..........#####..#.#
.F.P.P.. #....$....##
##.... .......##
##.........## ##...
.#####....###......e....##
#.. .Y##
#.....#..§.......# .. ...#
####÷............# ..


You could see Fannar.

Vanquished Creatures
  Maggie (D:10)
  A troll (D:10)
  A hornet (D:8)
  9 yaks (D:10)
  A wyvern (D:6)
  A steam dragon (D:6)
  Menkaure (D:6)
  4 water moccasins
  Duvessa (D:5)
  2 ice beasts
  A sky beast (D:7)
  A black bear (D:10)
  A necrophage (D:7)
  An ogre (D:6)
  A phantom (D:6)
  2 bullfrogs (D:10)
  A water moccasin zombie (D:5)
  5 scorpions
  Dowan (D:5)
  14 killer bees
  3 centaur zombies
  3 hounds
  3 bullfrog zombies
  Crazy Yiuf (D:6)
  2 orc priests (D:4)
  6 orc wizards
  A hound skeleton (D:3)
  5 adders
  An ufetubus (D:5)
  2 worms (D:2)
  A dart slug (D:2)
  14 orcs
  5 ball pythons
  7 bats
  5 endoplasms
  10 giant cockroaches
  9 goblins
  7 hobgoblins
  5 jackals (D:2)
  7 kobolds
  4 quokkas
  3 frilled lizards (D:2)
  12 rats
166 creatures vanquished.

Vanquished Creatures (others)
  30 fungi (D:10)
  40 plants (D:10)
70 creatures vanquished.

Grand Total: 236 creatures vanquished

Notes
Turn   | Place    | Note
-------+----------+-------------------------------------------
     0 | D:1      | leviel the Minotaur Fighter began the quest for the Orb.
     0 | D:1      | Reached XP level 1. HP: 19/19 MP: 0/0
   105 | D:1      | Reached XP level 2. HP: 26/27 MP: 1/1
   108 | D:1      | Reached skill level 3 in Axes
   771 | D:2      | Found a hide-covered altar of Uskayaw.
   842 | D:2      | Reached XP level 3. HP: 34/34 MP: 2/2
  1344 | D:2      | Found a faded altar of an unknown god.
  1410 | D:2      | Reached skill level 4 in Axes
  1480 | D:2      | Reached skill level 5 in Fighting
  1480 | D:2      | Reached XP level 4. HP: 41/42 MP: 3/3
  2677 | D:4      | Reached XP level 5. HP: 50/50 MP: 4/4
  2986 | D:4      | Reached skill level 5 in Axes
  3200 | D:5      | Entered Level 5 of the Dungeon
  3423 | D:4      | Reached XP level 6. HP: 15/57 MP: 5/5
  4023 | D:5      | Reached skill level 6 in Axes
  4495 | D:5      | Noticed Duvessa
  4496 | D:5      | Noticed Dowan
  4505 | D:5      | Killed Duvessa
  4506 | D:5      | Reached XP level 7. HP: 43/66 MP: 6/6
  4509 | D:5      | Killed Dowan
  4510 | D:5      | Reached skill level 7 in Axes
  5012 | D:6      | Found a staircase to the Ecumenical Temple.
  5036 | Temple   | Entered the Ecumenical Temple
  5161 | Temple   | Became a worshipper of the Shining One
  5250 | D:6      | Found a shimmering altar of Xom.
  5526 | D:6      | Found a sparkling altar of Nemelex Xobeh.
  5526 | D:6      | Noticed a wyvern
  5527 | D:6      | Noticed a steam dragon
  5531 | D:6      | Reached skill level 8 in Axes
  5532 | D:6      | Killed a wyvern
  5533 | D:6      | Reached XP level 8. HP: 48/78 MP: 7/7
  5542 | D:6      | Noticed Menkaure
  5550 | D:6      | Killed Menkaure
  5551 | D:6      | Reached skill level 9 in Axes
  5709 | D:6      | Found a runed translucent door.
  5710 | D:6      | Noticed Crazy Yiuf
  5849 | D:6      | Reached skill level 10 in Fighting
  5984 | D:6      | Identified the amulet of Salvation {Spirit Fly rF- rN++
                  | Regen+}
  6242 | D:6      | Killed Crazy Yiuf
  6417 | D:7      | Reached skill level 10 in Axes
  6460 | D:7      | Reached XP level 9. HP: 80/86 MP: 6/8
  7348 | D:7      | Reached skill level 11 in Axes
  7708 | D:8      | You are sucked into a shaft and drop 3 floors!
  7718 | D:10     | Entered Level 10 of the Dungeon
  7722 | D:10     | Reached * piety under the Shining One
  7724 | D:10     | Noticed Maggie
  7779 | D:10     | Reached skill level 12 in Axes
  7845 | D:10     | Noticed Fannar
  7845 | D:10     | Noticed a troll
  7888 | D:10     | Reached skill level 13 in Axes
  7991 | D:10     | Reached XP level 10. HP: 67/94 MP: 3/9
  8022 | D:10     | Reached skill level 14 in Axes
  8060 | D:10     | Killed Maggie
  8061 | D:10     | Reached skill level 15 in Axes
  8154 | D:10     | Killed from afar by Fannar

Illustrated notes

Levels and vault maps discovered:
D:1:      minmay_arrival_four_houses, layout_rooms
D:2:      layout_loops_corners, hellmonk_ecumenical_altar_pennies_from_heaven,
          basic_altar, grunt_ministairs_3, minmay_pentomino_r2
D:3:      layout_loops_ring
D:4:      layout_cave_pools
D:5:      layout_gridville, portal_sewer_entry_f, uniq_duvessa
D:6:      layout_cave_pods, minmay_temple_entry_waves, hangedman_feature_mirror,
          uniq_menkaure, uniq_crazy_yiuf_cottage
D:7:      layout_layer_cave
D:8:      layout_basic
D:10:     layout_rooms, lemuel_mausoleum_altar_yredelemnul,
          due_lair_maze_entry_diamond, ebering_ghost_reflecting_pool,
          uniq_maggie, uniq_fannar
D:11:     layout_roguey, erik_orc_1, serial_shops,
          nicolae_shop_competitors_out_of_business,
          grunt_dithmenos_smoke_and_mirrors, uniq_snorg, uniq_grum
Temple:   regret_index_temple_chain_breaker

Skill      XL: |  1  2  3  4  5  6  7  8  9 10 |
---------------+-------------------------------+-----
Fighting       | 4 5 6 7 9 10 | 10.5
Axes           | 3 4 5 6 8 10 13 15 | 15.1
Armour         | |  3.6
Shields        | |  3.6

Action                   |  1- 3 |  4- 6 |  7- 9 | 10-12 || total
-------------------------+-------+-------+-------+-------++-------
Melee: War axe           |   106 |   126 |   186 |    60 ||   478
       Headbutt          |    11 |    14 |    43 |     8 ||    76
Throw: Dart              |       |     2 |       |       ||     2
  Use: Potion            |       |     3 |     6 |     2 ||    11
       Scroll            |       |     9 |     4 |     3 ||    16
Armor: Scale mail        |    50 |    72 |    66 |    10 ||   198
       Chain mail        |       |       |       |     2 ||     2
Dodge: Dodged            |    35 |    36 |    92 |    23 ||   186
Block: Kite shield       |    63 |    77 |   109 |    31 ||   280

Table legend: (Time is in decaauts)
 A = Elapsed time spent in this place.
 B = Non-inter-level travel time spent in this place.
 C = Inter-level travel time spent in this place.
 D = Time resting spent in this place.
 E = Time spent auto-exploring this place.
 F = Levels seen in this place.
 G = Mean time per level.
                   A        B        C        D        E       F      G
               +--------+--------+--------+--------+--------+-----+--------+
         Total |   8302 |   8114 |    188 |    723 |   6081 |  11 |  754.7 |
       Dungeon |   8124 |   7936 |    188 |    723 |   5923 |  10 |  812.4 |
        Temple |    177 |    177 |      0 |      0 |    158 |   1 |  177.0 |
               +--------+--------+--------+--------+--------+-----+--------+

Top non-repeatable levels by time:
     D:7: 1310 daAuts
     D:5: 1265 daAuts
     D:6: 1234 daAuts
     D:2: 1211 daAuts
     D:4: 1075 daAuts
     D:3: 860 daAuts
     D:1: 667 daAuts
    D:10: 440 daAuts
  Temple: 177 daAuts
     D:8: 50 daAuts
    D:11: 9 daAuts
